 Dungeon Crawl Stone Soup version 0.30-a0-847-g17996783a1 (webtiles) character file.

Game seed: 16890256497148256576

192 cforsyth the Sneak (level 6, 0/37 HPs)
             Began as a Kobold Brigand on Mar 4, 2023.
             Slain by a bullfrog (4 damage)
             ... in a sewer.
             The game lasted 00:04:59 (2358 turns).

cforsyth the Sneak (Kobold Brigand)                 Turns: 2358, Time: 00:04:59

Health: 0/37       AC:  4    Str:  9      XL:     6   Next: 2%
Magic:  6/6        EV: 15    Int: 10 (12) God:
Gold:   137        SH:  0    Dex: 16 (18) Spells: 5/5 levels left

rFire   . . .      SeeInvis .    j - +1 short sword (elec)
rCold   . . .      Faith    .    (no shield)
rNeg    . . .      Spirit   .    b - +0 robe
rPois   .          Reflect  .    m - +0 helmet
rElec   .          Rampage  .    c - +0 cloak
rCorr   .                        (no gloves)
Will    .....                    (no boots)
Stlth   ++++                     (no amulet)
HPRegen 0.26/turn                (no ring)
MPRegen 0.10/turn                (no ring)

@: about to teleport, hasted, very quick
A: small, no large weapons, nightstalker 3
a: no special abilities


You were in a sewer.
You visited 1 branch of the dungeon, and saw 3 of its levels.
You also visited: Sewer.

You collected 137 gold pieces.

Inventory:

Hand Weapons
 a - a +2 dagger
 j - a +1 short sword of electrocution (weapon)
Missiles
 d - 9 poisoned darts (quivered)
 e - 3 curare-tipped darts
Armour
 b - a +0 robe (worn)
 c - a +0 cloak (worn)
 m - a +0 helmet (worn)
Jewellery
 g - a +6 ring of dexterity
 i - a ring of fire
Scrolls
 k - a scroll of blinking
Potions
 f - a potion of degeneration
 l - 2 potions of brilliance


   Skills:
 + Level 3.6 Fighting
 + Level 4.5 Short Blades
 - Level 2.1 Throwing
 + Level 3.2 Dodging
 + Level 6.6 Stealth


You had 5 spell levels left.
You didn't know any spells.
Your spell library contained the following spells:

 Spells                   Type           Power      Damage    Failure   Level
 Sandblast                Erth           0%         2d4       36%         1
 Passwall                 Tmut/Erth      0%         N/A       50%         2
 Stone Arrow              Conj/Erth      0%         3d7       75%         3


Dungeon Overview and Level Annotations

Branches:
Dungeon (3/15)              Sewer (1/1)

Altars:
Fedhas


Innate Abilities, Weirdness & Mutations

You are small and have problems with some larger weapons.
You are completely attuned to the shadows.


Message History

The bullfrog hits you but does no damage.
The bullfrog misses you.
You feel yourself speed up. The bullfrog barely misses you.
The bullfrog hits you!
* * * LOW HITPOINT WARNING * * *
The ball python bites you but does no damage.
The ball python constricts you.
* * * LOW HITPOINT WARNING * * *
The ball python closely misses you.
Your frilled lizard closely misses the bullfrog.
Your frilled lizard misses the bullfrog.
Okay, then.
Unknown command.
You escape the ball python's grasp.
You swap places.
The bullfrog hits your frilled lizard.
Your frilled lizard dies!
Your frilled lizard's corpse dissolves into shadows!
Your frilled lizard closely misses the bullfrog.
The ball python barely misses your frilled lizard. x2
The endoplasm hits your frilled lizard.
Your frilled lizard dies!
Your frilled lizard's corpse dissolves into shadows!
The bullfrog barely misses your frilled lizard.
Okay, then.
It was a potion of curing.
You feel better. The bullfrog misses you. The ball python closely misses you.
The ball python barely misses you.
As you read the scroll labelled NIPIPN BYXYI, it crumbles to dust.
You feel strangely unstable.
It was a scroll of teleportation.
The bullfrog hits you.
* * * LOW HITPOINT WARNING * * *
The ball python closely misses your frilled lizard.
The ball python grabs your frilled lizard.
The ball python constricts your frilled lizard.
Your frilled lizard bites the bullfrog.
The ball python closely misses you. The ball python misses you.
The bullfrog closely misses you.
Cornered, the ball python turns to fight!
You hit the bullfrog.
The bullfrog is heavily wounded.
The bullfrog hits you.
You die...

#+############ ###
##....~~≈≈≈≈≈≈≈≈≈≈≈≈≈.
#S..F.≈~~≈≈≈≈≈≈≈~~~≈≈.
#..JF@≈~~~≈≈≈≈~≈≈~~~~.
#...lS~~≈~~≈≈~≈~~~≈≈~.
#..S†.~≈≈≈≈~..~#~~~≈~.
##...#≈~≈≈≈≈≈~≈~≈≈≈~~#
#####################


You could see 2 bullfrogs, an endoplasm, 3 ball pythons and a friendly frilled
lizard (summoned).

Vanquished Creatures
  8 adders
  3 river rats (Sewer)
  A worm (D:2)
  16 ball pythons
  A bat (D:2)
  3 endoplasms
  10 goblins
  7 hobgoblins
  5 kobolds (D:1)
  6 quokkas
  3 frilled lizards
  35 rats
  A spectral goblin (D:2)
99 creatures vanquished.

Notes
Turn   | Place    | Note
-------+----------+-------------------------------------------
     0 | D:1      | cforsyth the Kobold Brigand began the quest for the Orb.
     0 | D:1      | Reached XP level 1. HP: 12/12 MP: 1/1
    74 | D:1      | Reached XP level 2. HP: 18/18 MP: 2/2
   261 | D:1      | Reached XP level 3. HP: 22/22 MP: 3/3
  1181 | D:2      | Found a blossoming altar of Fedhas.
  1237 | D:2      | Reached XP level 4. HP: 27/27 MP: 4/4
  1327 | D:2      | Found a faded altar of an unknown god.
  1352 | D:2      | Reached skill level 6 in Stealth
  1910 | D:3      | Found a glowing drain.
  1914 | Sewer    | Entered a sewer
  2038 | Sewer    | Reached XP level 5. HP: 7/32 MP: 5/5
  2341 | Sewer    | Noticed a bullfrog
  2342 | Sewer    | Noticed a bullfrog
  2353 | Sewer    | Reached XP level 6. HP: 10/37 MP: 6/6
  2358 | Sewer    | Slain by a bullfrog

Illustrated notes

Levels and vault maps discovered:
D:1:      psy_arrival_conway, layout_loops_ring
D:2:      layout_basic, basic_altar, dreamdust_ecumenical_altar_drowned_temple,
          hangedman_decor_lopped
D:3:      layout_loops_corners, serial_shops, nicolae_shop_overgrown_old_shop,
          gup_sewer_entry_bowl, corexii_shack
Sewer:    sewer_minmay_w

Skill      XL: |  1  2  3  4  5 |
---------------+----------------+-----
Short Blades   | 3 4 |  4.5
Dodging        | 2 3 |  3.2
Stealth        | 6 |  6.6
Fighting       | 3 |  3.6
Throwing       | |  2.1

Action                     |  1- 3 |  4- 6 || total
---------------------------+-------+-------++-------
  Melee: Dagger            |    18 |       ||    18
         Short sword       |    35 |   139 ||   174
         Punch             |       |     1 ||     1
    Use: Potion            |       |     7 ||     7
         Scroll            |       |     8 ||     8
   Stab: Sleeping          |    21 |    23 ||    44
         Distracted        |     2 |     2 ||     4
         Fleeing           |       |     1 ||     1
 Armour: Robe              |     6 |    31 ||    37
  Dodge: Dodged            |    11 |   134 ||   145

Table legend: (Time is in decaauts)
 A = Elapsed time spent in this place.
 B = Non-inter-level travel time spent in this place.
 C = Inter-level travel time spent in this place.
 D = Time resting spent in this place.
 E = Time spent auto-exploring this place.
 F = Levels seen in this place.
 G = Mean time per level.
                   A        B        C        D        E       F      G
               +--------+--------+--------+--------+--------+-----+--------+
         Total |   2389 |   2280 |    109 |     66 |   1682 |   4 |  597.2 |
       Dungeon |   1917 |   1808 |    109 |      0 |   1511 |   3 |  639.0 |
         Sewer |    472 |    472 |      0 |     66 |    171 |   1 |  472.0 |
               +--------+--------+--------+--------+--------+-----+--------+

Top non-repeatable levels by time:
     D:1: 905 daAuts
     D:2: 867 daAuts
   Sewer: 472 daAuts
     D:3: 144 daAuts
